 Dungeon Crawl Stone Soup version 0.28.0-53-g5a82cb258f (webtiles) character file.

Game seed: 15157335343424338566

101161 Peloso the Tortoise (level 15, -2/138 HPs)
             Began as a Minotaur Fighter on June 4, 2022.
             Was a High Priest of Okawaru.
             Slain by Rupert
             ... wielding a +4 antimagic great mace
              (26 damage)
             ... on level 14 of the Dungeon.
             The game lasted 01:00:05 (33915 turns).

Peloso the Tortoise (Minotaur Fighter)             Turns: 33915, Time: 01:00:06

Health: -2/138     AC: 28    Str: 37    XL:     15   Next: 82%
Magic:  1/16       EV: 13    Int:  5    God:    Okawaru [*****.]
Gold:   1989       SH: 13    Dex: 12    Spells: 14/14 levels left

rFire   + . .      SeeInvis .   c - +2 falchion (flame)
rCold   . . .      Faith    .   k - +3 buckler of Fallacy {Str+5}
rNeg    + . .      Spirit   .   i - +1 plate armour {rF+}
rPois   .          Reflect  .   (helmet restricted)
rElec   .          Harm     .   o - +0 cloak
rCorr   +          Rampage  +   u - +0 pair of gloves
Will    +....                   W - +1 pair of boots {rampage}
Stlth   ..........              (no amulet)
HPRegen 0.33/turn               t - ring of flight
MPRegen 0.15/turn               z - ring of Fixation {rN+ rCorr Str+6}

@: heroic, marked, flying, studying Slings
A: horns 2, retaliatory headbutt
a: Renounce Religion, Heroism, Finesse, Duel


You were on level 14 of the Dungeon.
You worshipped Okawaru.
Okawaru was extremely pleased with you.
You visited 4 branches of the dungeon, and saw 23 of its levels.

You collected 2350 gold pieces.
You spent 361 gold pieces at shops.

Inventory:

Hand Weapons
 a - a +2 vorpal falchion
 b - a +2 long sword of holy wrath
 c - a +2 falchion of flaming (weapon)
Armour
 i - a +1 plate armour of fire resistance (worn)
 k - the +3 buckler of Fallacy (worn) {Str+5}
   (You bought it in a shop on level 7 of the Dungeon)

   Str:       It affects your strength (+5).
 o - a +0 cloak (worn)
 u - a +0 pair of gloves (worn)
 W - a +1 pair of boots of rampaging (worn)
Jewellery
 j - a +4 ring of protection
 t - a ring of flight (left hand)
 x - a ring of poison resistance
 z - the ring of Fixation (right hand) {rN+ rCorr Str+6}
   (You found it on level 6 of the Dungeon)

   [ring of strength]

   Str:       It affects your strength (+6).
   rN:        It protects you from negative energy.
   rCorr:     It protects you from acid and corrosion.
 F - a ring of resist corrosion
 J - a ring of see invisible
 N - a ring of protection from fire
Wands
 e - a wand of digging (1)
 B - a wand of flame (68)
Scrolls
 h - a scroll of enchant weapon
 l - 4 scrolls of amnesia {unknown}
 q - 3 scrolls of noise
 v - 4 scrolls of magic mapping
 w - 4 scrolls of torment {unknown}
 y - a scroll of blinking {unknown}
 A - 2 scrolls of teleportation
 C - 3 scrolls of immolation {unknown}
 I - a scroll of summoning {unknown}
 K - 2 scrolls of holy word {unknown}
 P - a scroll of silence {unknown}
 Q - 6 scrolls of fear
 Z - 3 scrolls of enchant armour {unknown}
Potions
 d - 2 potions of might
 f - 6 potions of curing
 g - 5 potions of haste
 m - a potion of mutation
 n - 8 potions of heal wounds
 p - a potion of cancellation
 O - a potion of invisibility


   Skills:
 + Level 14.0(19.0) Fighting
 + Level 16.5(21.5) Long Blades
 + Level 5.1(10.1) Maces & Flails
 + Level 17.9(22.9) Armour
 + Level 4.8(9.8) Dodging
 + Level 3.0(8.0) Stealth
 + Level 17.7(22.7) Shields
 + Level 3.8 Invocations
 + Level 3.3 Evocations


You had 14 spell levels left.
You didn't know any spells.
Your spell library contained the following spells:

 Spells                   Type           Power      Damage    Failure   Level
 Foxfire                  Conj/Fire      0%         2x1d4     83%         1
 Freeze                   Ice            0%         1d3       83%         1
 Magic Dart               Conj           0%         1d3       83%         1
 Conjure Flame            Conj/Fire      0%         6-21      99%         3
 Frozen Ramparts          Ice            0%         1d2       99%         3
 Gell's Gravitas          Tloc           0%         N/A       99%         3
 Inner Flame              Hex/Fire       0%         N/A       99%         3
 Lesser Beckoning         Tloc           0%         N/A       99%         3
 Mephitic Cloud           Conj/Pois/Air  0%         N/A       99%         3
 Teleport Other           Tloc           0%         N/A       99%         3
 Flame Wave               Conj/Fire      0%         2d4       100%        4
 Hailstorm                Conj/Ice       0%         3d3       100%        4
 Ice Form                 Ice/Tmut       0%         N/A       100%        4
 Passage of Golubria      Tloc           0%         N/A       100%        4
 Petrify                  Tmut/Erth      0%         N/A       100%        4
 Borgnjor's Vile Clutch   Necr/Erth      0%         N/A       100%        5
 Metabolic Englaciation   Hex/Ice        0%         N/A       100%        5
 Silence                  Hex/Air        0%         N/A       100%        5
 Yara's Violent Unravell  Hex/Tmut       0%         3d3       100%        5
 Eringya's Noxious Bog    Tmut/Pois      0%         N/A       100%        6
 Statue Form              Tmut/Erth      0%         N/A       100%        6
 Lehudib's Crystal Spear  Conj/Erth      0%         10d2      100%        8
 Call Imp                 Summ           Unusable   N/A       N/A         2
 Tukima's Dance           Hex            Unusable   N/A       N/A         3
 Animate Dead             Necr           Unusable   N/A       N/A         4
 Summon Ice Beast         Ice/Summ       Unusable   N/A       N/A         4
 Summon Forest            Summ/Tloc      Unusable   N/A       N/A         5
 Death Channel            Necr           Unusable   N/A       N/A         6
 Summon Hydra             Summ           Unusable   N/A       N/A         7

Dungeon Overview and Level Annotations

Branches:
Dungeon (14/15)            Temple (1/1) D:4            Lair (6/6) D:9
  Swamp (0/4) Lair:3        Snake (0/4) Lair:4        Slime (0/5) Lair:6
    Orc (2/2) D:9             Elf (0/3) Orc:2        Vaults (0/5) D:14

Altars:
Ashenzari
Cheibriados
Dithmenos
Elyvilon
Gozag
Hepliaklqana
Makhleb
Okawaru
Qazlal
Ru
Vehumet
Yredelemnul
Jiyva

Shops:
D:7 [*(?   D:11 =   Orc:2 *[*(

Annotations:
D:14 Rupert
Lair:4 3 runed translucent doors, Tunlugh's ghost, adept GrEE


Innate Abilities, Weirdness & Mutations

You have a pair of horns on your head.
You reflexively headbutt those who attack you in melee.


Message History

You hit Rupert. You burn Rupert. You headbutt Rupert.
Rupert is moderately wounded.
You block Rupert's attack.
Unknown command.
You closely miss Rupert. Your headbutt misses Rupert.
Rupert is moderately wounded.
Rupert hits you with a +4 antimagic great mace!!
You feel your power leaking away.
You hit Rupert but do no damage. You headbutt Rupert!!
Rupert is moderately wounded.
You block Rupert's attack.
You hit Rupert. You burn Rupert. You headbutt Rupert!
Rupert is heavily wounded.
Rupert completely misses you.
You closely miss Rupert. Your headbutt misses Rupert.
Rupert is heavily wounded.
Rupert hits you with a +4 antimagic great mace!
You feel your power leaking away.
You slice Rupert!! You burn Rupert.
Rupert is heavily wounded.
Rupert hits you with a +4 antimagic great mace!
You hit Rupert. You burn Rupert.
Rupert is severely wounded.
Rupert hits you with a +4 antimagic great mace!
You slice Rupert!! You burn Rupert! Your headbutt misses Rupert.
Rupert is severely wounded.
You hit Rupert but do no damage.
Rupert is severely wounded.
You block Rupert's attack.
You hit Rupert but do no damage.
Rupert is severely wounded.
Rupert hits you with a +4 antimagic great mace!
You hit Rupert. You burn Rupert.
Rupert is severely wounded.
Rupert hits you with a +4 antimagic great mace!!
* * * LOW HITPOINT WARNING * * *
You hit Rupert. You burn Rupert.
Rupert is almost dead.
Rupert hits you with a +4 antimagic great mace!!
You die...

...# #..# #..... ...#
#..# #......
...######..# #.......
...........###########
........
.....>................
........
......................
.....#########.#######
.....#########.#########
................@@......
...#######..............
...##### #.#############
.......... ...>....<
......... .....####
.....# ##.. .....# #...


You could see Rupert (berserk).

Vanquished Creatures
  Josephine (D:13)
  A boulder beetle (D:13)
  A rakshasa (D:13)
  5 ogre magi
  A catoblepas (Lair:6)
  15 hydras
  A death knight (D:12)
  4 death yaks (Lair:6)
  A centaur warrior (D:13)
  19 two-headed ogres
  2 tengu warriors (D:14)
  Urug (Lair:1)
  An orc high priest (Orc:2)
  A deep elf knight (D:14)
  A sixfirhy (D:10)
  A skeletal warrior (D:14)
  A deep elf archer (D:14)
  A harpy (shapeshifter) (D:11)
  A deep elf pyromancer (D:14)
  Pikel (D:5)
  2 orc knights
  2 deep elf zephyrmancers (D:14)
  2 manticores
  2 orc sorcerers
  5 ugly things (D:14)
  6 cyclopes
  12 elephants
  Joseph (Lair:1)
  4 black mambas
  An unseen horror (D:11)
  4 centaur skeletons (D:14)
  13 cane toads
  Maggie (D:9)
  3 gargoyles (D:12)
  Psyche (D:9)
  A torpor snail (Lair:5)
  12 rime drakes
  6 komodo dragons
  4 yaktaurs (D:13)
  An efreet (D:14)
  2 tengu conjurers
  11 trolls
  4 hornets
  Grinder (D:4)
  14 slime creatures
  25 blink frogs
  A raiju (shapeshifter) (D:13)
  12 dream sheep
  5 polar bears
  A centaur simulacrum (D:14)
  10 spriggans (Lair:6)
  8 wraiths
  A shadow (D:10)
  A vampire (D:7)
  7 wyverns
  A yak (shapeshifter) (D:13)
  2 steam dragons
  7 basilisks
  33 yaks
  4 vampire mosquitoes (D:12)
  A swamp worm (Lair:3)
  A warg (Orc:2)
  3 acid dragons (D:13)
  17 water moccasins
  A hell hound (D:14)
  12 orc warriors
  2 sky beasts (D:7)
  6 black bears
  An ice beast (D:6)
  34 ogres
  4 boggarts (Lair:6)
  15 centaurs
  39 wolves
  4 lemures (D:5)
  A phantom (D:6)
  3 kobold brigands (D:8)
  6 bullfrogs
  3 scorpions
  A wyvern zombie (D:7)
  A gnoll sergeant (D:9)
  A water moccasin skeleton (D:4)
  12 killer bees
  An electric eel (D:7)
  A howler monkey (D:8)
  2 centaur zombies
  3 hounds (D:6)
  11 orc priests
  A bullfrog skeleton (D:6)
  2 jellies
  Crazy Yiuf (D:3)
  2 gnoll shamans
  2 iguanas
  Ijyb (D:3)
  Natasha (D:2)
  19 orc wizards
  4 hell rats (D:14)
  3 hound skeletons
  15 gnolls
  8 adders
  2 shadow imps
  An adder skeleton (D:4)
  A worm (D:3)
  2 dart slugs
  45 orcs
  2 endoplasms (D:4)
  3 giant cockroaches
  6 goblins
  6 hobgoblins
  4 jackals (D:1)
  3 quokkas
  6 ball pythons
  6 bats
  4 frilled lizards
  13 kobolds
  5 rats
  3 butterflies
650 creatures vanquished.

Vanquished Creatures (others)
  A bush (Lair:6)
  53 fungi
  55 plants
109 creatures vanquished.

Grand Total: 759 creatures vanquished

Notes
Turn   | Place    | Note
-------+----------+-------------------------------------------
     0 | D:1      | Peloso the Minotaur Fighter began the quest for the Orb.
     0 | D:1      | Reached XP level 1. HP: 19/19 MP: 0/0
    90 | D:1      | Reached XP level 2. HP: 24/27 MP: 1/1
   112 | D:1      | You fall into a shaft and drop 1 floor!
   287 | D:1      | Reached XP level 3. HP: 33/33 MP: 2/2
   334 | D:1      | Found a faded altar of an unknown god.
  1139 | D:2      | Noticed Natasha
  1146 | D:2      | Killed Natasha
  1147 | D:2      | Reached XP level 4. HP: 29/40 MP: 3/3
  1483 | D:3      | Noticed Ijyb
  1502 | D:3      | Killed Ijyb
  1765 | D:3      | Reached XP level 5. HP: 30/46 MP: 4/4
  2023 | D:3      | Found a runed translucent door.
  2024 | D:3      | Noticed Crazy Yiuf
  2216 | D:3      | Reached skill level 5 in Armour
  2531 | D:3      | Killed Crazy Yiuf
  2532 | D:3      | Reached skill level 5 in Long Blades
  2807 | D:4      | Noticed Grinder
  2808 | D:4      | Paralysed by Grinder for 2 turns
  2928 | D:4      | Reached XP level 6. HP: 33/53 MP: 5/5
  3068 | D:4      | Killed Grinder
  3069 | D:4      | Reached skill level 5 in Shields
  3373 | D:4      | Reached XP level 7. HP: 46/60 MP: 6/6
  3487 | D:4      | Found a staircase to the Ecumenical Temple.
  3501 | Temple   | Entered the Ecumenical Temple
  3573 | Temple   | Became a worshipper of Warmaster Okawaru
  4002 | D:4      | Reached skill level 1 in Dodging
  4302 | D:5      | Entered Level 5 of the Dungeon
  4856 | D:5      | Reached skill level 5 in Fighting
  5326 | D:6      | Noticed Pikel
  5422 | D:5      | Killed Pikel
  5422 | D:5      | Reached * piety under Okawaru
  5423 | D:5      | Reached XP level 8. HP: 42/70 MP: 7/7
  5565 | D:6      | Identified the +3 whip of the Sneaky Seers {vorpal, Contam
                  | MP+9 Str+2 Dex+3}
  5778 | D:6      | Identified the ring of Fixation {rN+ rCorr Str+6}
  6109 | D:6      | Reached ** piety under Okawaru
  6602 | D:7      | Noticed a manticore
  6613 | D:7      | Killed a manticore
  6614 | D:7      | Reached XP level 9. HP: 36/78 MP: 8/8
  6810 | D:7      | Found Xakoh's Antique Weapon Shop.
  6814 | D:7      | Found Ihie's Antique Armour Shop.
  6818 | D:7      | Found Ahyled's General Store.
  6818 | D:7      | Found Udwyes's Magic Scroll Shop.
  6830 | D:7      | Bought a scroll of magic mapping for 35 gold pieces
  6839 | D:7      | Bought a twisted buckler for 256 gold pieces
  6839 | D:7      | Identified the +3 buckler of Fallacy {Str+5} (You bought it
                  | in a shop on level 7 of the Dungeon)
  6871 | D:7      | Bought 3 scrolls of identify for 60 gold pieces
  6871 | D:7      | Bought a scroll of noise for 10 gold pieces
  7218 | D:7      | Reached skill level 10 in Long Blades
  7785 | D:7      | Noticed a cyclops
  7802 | D:7      | Killed a cyclops
  8052 | D:7      | Reached *** piety under Okawaru
  8633 | D:8      | Reached XP level 10. HP: 82/86 MP: 9/9
  9140 | D:8      | Found a stormy altar of Qazlal.
  9575 | D:9      | Noticed Maggie
  9575 | D:9      | Noticed Psyche
  9584 | D:9      | Killed Psyche
  9585 | D:9      | Reached skill level 1 in Evocations
  9589 | D:9      | Killed Maggie
  9589 | D:9      | Reached **** piety under Okawaru
  9590 | D:9      | Reached skill level 10 in Armour
 10030 | D:9      | Found a staircase to the Orcish Mines.
 10420 | D:9      | Found a staircase to the Lair.
 10487 | D:9      | Paralysed by a hornet for 1 turns
 10705 | D:10     | Entered Level 10 of the Dungeon
 10973 | D:10     | Noticed a cyclops
 10985 | D:10     | Killed a cyclops
 11121 | D:10     | Noticed a two-headed ogre
 11130 | D:10     | Killed a two-headed ogre
 11353 | D:10     | Noticed an orc knight
 11369 | D:10     | Killed an orc knight
 11369 | D:10     | Reached ***** piety under Okawaru
 11370 | D:10     | Reached XP level 11. HP: 54/94 MP: 8/10
 11660 | D:10     | Noticed a sixfirhy
 11661 | D:10     | Found a runed translucent door.
 11704 | D:10     | Noticed a two-headed ogre
 11715 | D:10     | Killed a two-headed ogre
 12460 | D:10     | Killed a sixfirhy
 12461 | D:10     | Reached skill level 1 in Invocations
 12639 | D:11     | Reached skill level 10 in Shields
 12692 | D:11     | Noticed a harpy
 12706 | D:11     | Killed a harpy
 12799 | D:11     | Found Qumalokh's Jewellery Emporium.
 12954 | D:11     | Identified the +9 rapier "Ytimp" {vorpal, Dex+2} (Okawaru
                  | gifted it to you on level 11 of the Dungeon)
 12954 | D:11     | Received a gift from Okawaru
 14302 | D:12     | Reached XP level 12. HP: 74/104 MP: 12/12
 14630 | D:12     | Noticed a death knight
 14646 | D:12     | Killed a death knight
 15374 | Lair:1   | Entered Level 1 of the Lair of Beasts
 15589 | Lair:1   | Reached skill level 1 in Stealth
 15619 | Lair:1   | Noticed a four-headed hydra
 15638 | Lair:1   | Killed a four-headed hydra
 15638 | Lair:1   | Received a gift from Okawaru
 15839 | Lair:1   | Noticed Joseph
 15842 | Lair:1   | Noticed a five-headed hydra
 15878 | Lair:1   | Killed a five-headed hydra
 15886 | Lair:1   | Noticed Urug
 15889 | Lair:1   | Killed Joseph
 15890 | Lair:1   | Reached skill level 10 in Fighting
 15898 | Lair:1   | Killed Urug
 16327 | Lair:1   | Identified the +1 robe of Izunketogh {-Cast Str+8}
 17152 | Lair:2   | Noticed a four-headed hydra
 17166 | Lair:2   | Killed a four-headed hydra
 17595 | Lair:2   | Noticed a six-headed hydra
 17606 | Lair:2   | Killed a six-headed hydra
 17607 | Lair:2   | Reached skill level 1 in Maces & Flails
 17634 | Lair:2   | Noticed a seven-headed hydra
 17647 | Lair:2   | Killed a seven-headed hydra
 18306 | Lair:2   | Noticed a seven-headed hydra
 18306 | Lair:2   | Noticed a seven-headed hydra
 18322 | Lair:2   | Killed a seven-headed hydra
 18323 | Lair:2   | Reached XP level 13. HP: 70/114 MP: 10/13
 19275 | Lair:3   | Reached ****** piety under Okawaru
 19438 | Lair:3   | Identified the +6 great mace of Epseager {vorpal, rC+}
                  | (Okawaru gifted it to you on level 3 of the Lair of Beasts)
 19438 | Lair:3   | Received a gift from Okawaru
 20471 | Lair:3   | Found a staircase to the Swamp.
 20942 | Orc:1    | Entered Level 1 of the Orcish Mines
 20959 | Orc:1    | Reached skill level 15 in Armour
 21116 | Orc:2    | Entered Level 2 of the Orcish Mines
 21348 | Orc:1    | Reached skill level 15 in Long Blades
 21614 | Orc:1    | Identified the +0 robe of Nihilism {Rampage +Inv Str-2
                  | Stlth+} (Okawaru gifted it to you on level 1 of the Orcish
                  | Mines)
 21614 | Orc:1    | Received a gift from Okawaru
 22250 | Orc:2    | Reached XP level 14. HP: 125/125 MP: 13/15
 22541 | Orc:2    | Found Miotyuce's Antique Armour Shoppe.
 22541 | Orc:2    | Found Gasisacwo's General Store.
 22544 | Orc:2    | Found Ocekon's Weapon Boutique.
 22544 | Orc:2    | Found Ikom's Assorted Antiques.
 22782 | Orc:2    | Found a staircase to the Elven Halls.
 23207 | Orc:2    | Reached skill level 15 in Shields
 24257 | D:13     | Noticed Josephine
 24265 | D:13     | Killed Josephine
 24802 | D:13     | Identified the +5 scale mail "Hero's Friend" {-Cast Fly
                  | rElec rF-} (Okawaru gifted it to you on level 13 of the
                  | Dungeon)
 24802 | D:13     | Received a gift from Okawaru
 25720 | Lair:4   | Found a runed translucent gate.
 25720 | Lair:4   | Found a runed translucent gate.
 25720 | Lair:4   | Found a runed translucent gate.
 25721 | Lair:4   | Noticed Tunlugh's ghost (adept GrEE)
 26519 | Lair:4   | Found a staircase to the Snake Pit.
 27540 | Lair:5   | Identified the +1 robe of Vetiufia {rPois rF- rC+ Dex+3}
                  | (Okawaru gifted it to you on level 5 of the Lair of Beasts)
 27540 | Lair:5   | Received a gift from Okawaru
 28261 | Lair:6   | Entered Level 6 of the Lair of Beasts
 28544 | Lair:6   | Reached XP level 15. HP: 36/135 MP: 14/16
 29447 | Lair:6   | Found a staircase to the Slime Pits.
 29447 | Lair:6   | Found a viscous altar of Jiyva.
 29561 | Lair:6   | Paralysed by a hornet for 2 turns
 30070 | Lair:6   | Identified the +6 shortbow "Winul" {freeze, rElec rN+
                  | rCorr}
 31539 | D:14     | Reached skill level 5 in Maces & Flails
 32285 | D:14     | Received a gift from Okawaru
 32611 | D:14     | Found a gate to the Vaults.
 33894 | D:14     | Noticed Rupert
 33915 | D:14     | Slain by Rupert

Illustrated notes

Levels and vault maps discovered:
D:1:      lightli_arrival_farm, layout_basic, basic_ecumenical_altar
D:2:      layout_rooms, uniq_natasha
D:3:      layout_loops_ring, glass_columns_a, kennysheep_path_1,
          uniq_crazy_yiuf_cottage, uniq_ijyb
D:4:      layout_basic, temple_fountains, uniq_grinder
D:5:      layout_basic, minivault_26, minmay_manual_moon
D:6:      layout_gridville, minivault_5, uniq_pikel
D:7:      layout_basic, st_stairs_11, minmay_shop_grid_forest,
          water_boxes_lemuel
D:8:      layout_rooms, nicolae_qazlal_eye_of_the_storm, blue_anna_alchemist
D:9:      layout_irregular_city, lair_entry_dummy, orc_0_dummy, uniq_psyche,
          uniq_maggie
D:10:     cheibrodos_shockbox, layout_basic, minmay_microvault
D:11:     layout_rooms, serial_shops, shop
D:12:     layout_stronghold
D:13:     layout_basic, uniq_josephine
D:14:     layout_long_grid, hangedman_vaults_entry_quadrant_bands, special_room
          [special_room_mythical_zoo], dk_noncrumbling_4, kennysheep_dice,
          uniq_rupert
Temple:   mainiacjoe_temple_archimedes_tessellation
Lair:1:   layout_gridlike, st_stairs_13, serial_bayou_shore_a,
          infiniplex_staircase_pool, lemuel_fruit_fields, lemuel_fruit_tree,
          uniq_joseph, uniq_urug
Lair:2:   layout_long_grid, beast_lair_carwin_1
Lair:3:   layout_loops_ring, minmay_swamp_entry_worms
Lair:4:   layout_regular_city, minmay_snake_entry_six_corridors,
          gammafunk_ghost_split, lemuel_fruit_fields,
          infiniplex_staircase_pool_2
Lair:5:   layout_long_grid
Lair:6:   minmay_lair_end_enchanted_forest, layout_cave_pods, slime_altar_1
Orc:1:    layout_diamond_mine
Orc:2:    st_orc_ogre_mass, layout_caves

Skill      XL: |  1  2  3  4  5  6  7  8  9 10 11 12 13 14 15 |
---------------+----------------------------------------------+-----
Long Blades    | 3 4 5 6 8 9 11 12 13 14 15 16 | 16.5
Fighting       | 4 5 6 7 8 9 10 11 13 14 | 14.0
Armour         | 4 5 7 8 9 11 12 14 15 16 17 | 17.9
Shields        | 4 5 6 8 9 11 12 14 16 17 | 17.7
Dodging        | 2 3 4 |  4.8
Evocations     | 2 3 |  3.3
Invocations    | 1 2 3 |  3.8
Stealth        | 2 3 |  3.0
Maces & Flails | 2 4 5 |  5.1

Action                   |  1- 3 |  4- 6 |  7- 9 | 10-12 | 13-15 || total
-------------------------+-------+-------+-------+-------+-------++-------
Melee: Long sword        |    64 |   100 |   291 |       |       ||   455
       Headbutt          |    12 |    12 |    63 |   159 |   410 ||   656
       Falchion          |       |       |    26 |   579 |  1504 ||  2109
       Whip              |       |       |       |    47 |    65 ||   112
Invok: Heroism           |       |       |     3 |    15 |    36 ||    54
       Finesse           |       |       |       |     1 |       ||     1
Evoke: Wand              |       |     3 |     1 |    14 |     7 ||    25
  Use: Scroll            |       |     5 |     6 |     1 |    10 ||    22
       Potion            |       |     1 |     1 |     3 |     2 ||     7
 Stab: Paralysed         |       |       |       |     5 |       ||     5
Armor: Scale mail        |     8 |       |       |       |       ||     8
       Chain mail        |    31 |    48 |   127 |       |       ||   206
       Plate armour      |       |       |    26 |   316 |   712 ||  1054
Dodge: Dodged            |    24 |    26 |   113 |   242 |   543 ||   948
Block: Buckler           |    21 |    19 |    90 |   307 |   790 ||  1227
